 Dungeon Crawl Stone Soup version 0.28.0-53-g5a82cb258f (webtiles) character file.

Game seed: 10170466542726100559

95 DocClef the Cudgeller (level 4, -5/41 HPs)
             Began as a Minotaur Fighter on June 27, 2022.
             Was a Believer of Cheibriados.
             Slain by a mummy (9 damage)
             ... in an ossuary.
             The game lasted 00:02:33 (2984 turns).

DocClef the Cudgeller (Minotaur Fighter)            Turns: 2984, Time: 00:02:34

Health: -5/41      AC:  8    Str: 29    XL:     4   Next: 40%
Magic:  3/3        EV:  9    Int: 11    God:    Cheibriados [**....]
Gold:   172        SH:  0    Dex: 15    Spells: 3/3 levels left

rFire   . . .      SeeInvis .   a - +0 flail (spect)
rCold   . . .      Faith    .   c - +0 buckler
rNeg    . . .      Spirit   .   b - +0 scale mail
rPois   .          Reflect  .   (helmet restricted)
rElec   .          Harm     .   (no cloak)
rCorr   .          Rampage  .   l - +0 pair of gloves
Will    .....                   (no boots)
Stlth   ..........              (no amulet)
HPRegen 0.13/turn               (no ring)
MPRegen 0.08/turn               (no ring)

@: confused, ambrosia-drunk, marked, very slow
A: horns 2, retaliatory headbutt
a: Renounce Religion, Bend Time


You were in an ossuary.
You worshipped Cheibriados.
Cheibriados was pleased with you.
You visited 1 branch of the dungeon, and saw 4 of its levels.
You also visited: Ossuary.

You collected 172 gold pieces.

Inventory:

Hand Weapons
 a - a +0 spectral flail (weapon)
Armour
 b - a +0 scale mail (worn)
 c - a +0 buckler (worn)
 l - a +0 pair of gloves (worn)
Scrolls
 i - a scroll of fear
Potions
 d - a potion of might
 e - a potion of ambrosia
 f - a potion of lignification {unknown}
 h - a potion of curing {unknown}
 j - 2 potions of mutation {unknown}


   Skills:
 - Level 4.5 Fighting
 + Level 5.0 Maces & Flails
 - Level 3.6 Armour
 - Level 3.6 Shields


You had 3 spell levels left.
You didn't know any spells.
Your spell library contained the following spells:

 Spells                   Type           Power      Damage    Failure   Level
 Ozocubu's Armour         Ice            0%         N/A       96%         3
 Metabolic Englaciation   Hex/Ice        0%         N/A       100%        5
 Simulacrum               Ice/Necr       0%         N/A       100%        6


Dungeon Overview and Level Annotations

Branches:
Dungeon (4/15)             Temple (0/1) D:4         Ossuary (1/1)

Altars:
Cheibriados
Hepliaklqana

Shops:
D:1 !

Portals:
Abyss: D:4


Innate Abilities, Weirdness & Mutations

You have a pair of horns on your head.
You reflexively headbutt those who attack you in melee.


Message History

The mummy hits you.
* * * LOW HITPOINT WARNING * * *
You hit the centaur zombie but do no damage.
Your +0 spectral flail hits the centaur zombie.
The human zombie hits you but does no damage.
The centaur zombie closely misses you.
The centaur zombie kicks you but does no damage.
The centaur zombie hits you but does no damage.
The centaur zombie kicks you but does no damage.
The orc zombie closely misses you.
The kobold zombie sets off the alarm!
The alarm trap emits a blaring wail!
The mark upon you grows brighter.
You completely miss the human zombie. You headbutt the human zombie.
The human zombie is lightly damaged.
The centaur zombie hits you but does no damage.
The centaur zombie kicks you but does no damage.
The centaur zombie closely misses you.
The centaur zombie kicks you but does no damage.
The human zombie hits you.
* * * LOW HITPOINT WARNING * * *
The mummy hits you!
* * * LOW HITPOINT WARNING * * *
An orc zombie comes into view.
The orc zombie hits you.
* * * LOW HITPOINT WARNING * * *
The centaur zombie hits you but does no damage.
The centaur zombie kicks you but does no damage.
The centaur zombie barely misses you. x2
You sock the human zombie! Your headbutt misses the human zombie.
The human zombie is moderately damaged.
The centaur zombie hits you.
* * * LOW HITPOINT WARNING * * *
The centaur zombie kicks you but does no damage.
The centaur zombie hits you.
* * * LOW HITPOINT WARNING * * *
The centaur zombie kicks you but does no damage.
The human zombie barely misses you.
The orc zombie hits you but does no damage.
The mummy hits you!
You die...

.##############...#
#...# #...# #...##
#...# ####+....
#...# #.....∩.#
#...# #.......#
#...# #....Z..#
#...#
#...ZZM.####.#...#
#...(@ZZ.....#...#
#.####ZZ####.#...#
#ZZ# #...# #ZZ#
#...#
.######Z^######...#
..................#
Z.....8..8........#
..................#
..................#


You could see a mummy, 4 hobgoblin zombies, 2 kobold zombies, 2 orc zombies, 3
centaur zombies, a human zombie and a friendly +0 spectral flail (summoned).

Vanquished Creatures
  A mummy (Ossuary)
  3 gnolls (D:2)
  An adder (D:3)
  An orc (D:3)
  6 ball pythons
  4 endoplasms
  5 giant cockroaches
  4 goblins
  2 kobolds (D:2)
  A quokka (D:1)
  2 frilled lizards
  6 hobgoblin zombies (Ossuary)
  3 kobold zombies (Ossuary)
  9 orc zombies (Ossuary)
  2 rats
  A rat zombie (Ossuary)
51 creatures vanquished.

Notes
Turn   | Place    | Note
-------+----------+-------------------------------------------
     0 | D:1      | DocClef the Minotaur Fighter began the quest for the Orb.
     0 | D:1      | Reached XP level 1. HP: 19/19 MP: 0/0
   359 | D:1      | Found Hutz's Distillery.
   660 | D:1      | Noticed a floating eye
   661 | D:1      | Found a faded altar of an unknown god.
   665 | D:1      | Noticed a great orb of eyes
   665 | D:1      | Noticed a golden eye
   665 | D:1      | Noticed an eye of devastation
   667 | D:1      | Reached XP level 2. HP: 28/28 MP: 1/1
   785 | D:1      | Prayed at the altar of an unknown god.
   785 | D:1      | Became a worshipper of Cheibriados the Contemplative
   785 | D:1      | Reached * piety under Cheibriados
  1382 | D:2      | Reached skill level 3 in Maces & Flails
  1382 | D:2      | Reached XP level 3. HP: 25/34 MP: 2/2
  1390 | D:2      | HP: 1/34 [gnoll/+0 spear (2)]
  1391 | D:2      | Reached ** piety under Cheibriados
  1392 | D:2      | Reached skill level 4 in Maces & Flails
  2349 | D:3      | Found a hazy altar of Hepliaklqana.
  2530 | D:3      | Reached XP level 4. HP: 41/41 MP: 3/3
  2895 | D:4      | Found a one-way gate to the infinite horrors of the Abyss.
  2912 | D:4      | Found a sand-covered staircase.
  2917 | Ossuary  | Entered an ossuary
  2979 | Ossuary  | HP: 1/41 [human zombie (6)]
  2981 | Ossuary  | Reached skill level 5 in Maces & Flails
  2984 | Ossuary  | Slain by a mummy

Illustrated notes

Levels and vault maps discovered:
D:1:      nagdon_arrival_zigzag_paths, layout_basic,
          hellmonk_ecumenical_altar_watching_god, serial_shops, shop_fountains,
          kennysheep_flooded_box
D:2:      layout_rooms
D:3:      layout_basic, nicolae_hepliaklqana_hippocampus, minmay_misc_feat_x
D:4:      minmay_opposing_rooms, layout_loops_ring, fedhas_altar_2,
          minmay_temple_entry_waves, gup_sewer_entry_bowl, enter_ossuary_5,
          kennysheep_minor_cross, minmay_misc_feat_encased,
          amcnicky_altar_lugonu_corruption
Ossuary:  ossuary_tomb_1

Skill      XL: |  1  2  3  4 |
---------------+-------------+-----
Fighting       | 4 |  4.5
Maces & Flails | 3 4 5 |  5.0
Armour         | |  3.6
Shields        | |  3.6

Action                   |  1- 3 |  4- 6 || total
-------------------------+-------+-------++-------
Melee: Flail             |    76 |    29 ||   105
       Headbutt          |    12 |     3 ||    15
  Use: Scroll            |       |     5 ||     5
       Potion            |       |     1 ||     1
Armor: Scale mail        |    29 |    50 ||    79
Dodge: Dodged            |    36 |    34 ||    70
Block: Buckler           |    18 |     6 ||    24
